 Dungeon Crawl Stone Soup version 0.31-a0-222-gefeffbb62a (webtiles) character file.

Game seed: 5968361519223201932

208 qw the Chopper (level 5, -4/32 HPs)
             Began as a Gargoyle Fighter on July 5, 2023.
             Slain by a wight
             ... wielding a +4 trident
              (10 damage)
             ... on level 4 of the Dungeon.
             The game lasted 00:01:41 (3327 turns).

qw the Chopper (Gargoyle Fighter)                   Turns: 3327, Time: 00:01:42

Health: -4/32      AC: 14    Str: 22    XL:     5   Next: 86%
Magic:  5/5        EV:  8    Int:  8    God:
Gold:   98         SH:  4    Dex:  9    Spells: 4/4 levels left

rFire   . . .        Y - +1 hand axe (flame)
rCold   . . .        c - +0 buckler
rNeg    + . .        g - +0 chain mail
rPois   inf          (no helmet)
rElec   +            j - +0 cloak
rCorr   .            (no gloves)
SInv    .            (no boots)
Will    .....        (no amulet) Stlth
                     (no ring)
HPRegen 0.25/turn    (no ring)
MPRegen 0.09/turn

%: no passive effects
@: no status effects
A: sickness immunity, AC +4, negative energy resistance 1, electricity
resistance, torment resistance 1, petrification resistance
a: no special abilities


You were on level 4 of the Dungeon.
You visited 1 branch of the dungeon, and saw 4 of its levels.

You collected 143 gold pieces.
You spent 45 gold pieces at shops.


Innate Abilities, Weirdness & Mutations

You are immune to sickness and miasma.
Your stone body is resilient. (AC +4)
You are immune to poison.
You resist negative energy. (rN+)
You are resistant to electric shocks. (rElec)
You are resistant to unholy torment.
You are immune to petrification.


   Skills:
 - Level 3.2 Fighting
 - Level 5.3 Axes
 + Level 0.0 Throwing
 - Level 3.2 Armour
 - Level 3.2 Shields


You had 4 spell levels left.
You didn't know any spells.
Your spell library was empty.

Inventory:

Hand Weapons
 h - a +0 war axe
 Y - a +1 hand axe of flaming (weapon)
Missiles
 e - 3 silver boomerangs (quivered)
Armour
 c - a +0 buckler (worn)
 g - a +0 chain mail (worn)
 j - a +0 cloak (worn)
Scrolls
 i - a scroll of identify
Potions
 a - 2 potions of curing
 d - 3 potions of might

Dungeon Overview and Level Annotations

Branches:
Dungeon (4/15)
 Temple: D:4-7

Altars:
The Shining One

Shops:
D:2 [

Annotations:
D:3 1 runed translucent door, Crazy Yiuf


Message History

You throw a silver boomerang.
The silver boomerang hits the wight but does no damage.
The wight is moderately damaged.
You throw a silver boomerang.
The silver boomerang barely misses the wight.
You block the wight's attack.
You hit the wight. You burn the wight.
The wight is heavily damaged.
The wight hits you from afar with a +4 trident!
You closely miss the wight.
The wight is heavily damaged.
The wight hits you but does no damage.
The wight hits you with a +3 short sword.
You hit the wight. You burn the wight.
You destroy the wight!
The wight hits you but does no damage.
Your Axes skill increases to level 5!
You block the wight's attack.
You slash the wight! You burn the wight.
The wight is heavily damaged.
The wight hits you with a +4 trident.
You closely miss the wight.
The wight is heavily damaged.
The wight closely misses you.
You barely miss the wight.
The wight is heavily damaged.
The wight hits you with a +4 trident!
You hit the wight. You burn the wight.
The wight is severely damaged.
The wight hits you with a +4 trident. x2
You closely miss the wight.
The wight is severely damaged.
The wight hits you with a +4 trident.
You hit the wight but do no damage.
The wight is severely damaged.
The wight barely misses you.
You hit the wight. You burn the wight.
The wight is almost destroyed.
The wight hits you with a +4 trident!
You die...

.................#
...............))#
.................#
.................#
#######..........#
.........#
.........#
.......).#
####....@# #....z#
######..z....
....... .......
....... .......
....... .......


You could see a wight.

Vanquished Creatures
  A wight (D:4)
  Ijyb (D:3)
  4 adders
  A worm (D:2)
  4 dart slugs
  An orc (D:3)
  5 ball pythons
  5 bats
  13 endoplasms
  A giant cockroach (D:1)
  7 goblins
  7 hobgoblins
  6 jackals (D:1)
  3 frilled lizards
  11 kobolds
  5 rats
75 creatures vanquished.

Notes
Turn   | Place    | Note
-------+----------+-------------------------------------------
     0 | D:1      | qw the Gargoyle Fighter began the quest for the Orb.
     0 | D:1      | Reached XP level 1. HP: 14/14 MP: 1/1
     0 | D:1      | 0 ||| qw: Version: 0.3-a-46-gb1f654a
     0 | D:1      | 0 ||| qw: Game counter: 1057
     0 | D:1      | 0 ||| qw: Melee chars always use a shield: true
     0 | D:1      | 0 ||| qw: God list: Okawaru
     0 | D:1      | 0 ||| qw: Allow faded altars: false
     0 | D:1      | 0 ||| qw: Do Orc after clearing Dungeon:15 true
     0 | D:1      | 0 ||| qw: Do second Lair branch before Depths: true
     0 | D:1      | 0 ||| qw: Lair rune preference: random
     0 | D:1      | 0 ||| qw: Goals: Normal, Zot:1-4, Slime:5, God:TSO, Crypt,
                  | Tomb, Abyss, Pan, Hells, Win
     0 | D:1      | 0 ||| PLANNING D:1-11
    32 | D:1      | Reached skill level 2 in Axes
    85 | D:1      | Reached XP level 2. HP: 19/19 MP: 2/2
   129 | D:1      | 129 ||| READING scroll labelled SOTIAC XEPLYRE.
   216 | D:1      | 216 ||| Stepping ~*~*~tactically~*~*~ (stealth).
   347 | D:1      | 347 ||| Stepping ~*~*~tactically~*~*~ (hiding).
   354 | D:1      | Reached skill level 3 in Axes
   455 | D:1      | 455 ||| Stepping ~*~*~tactically~*~*~ (stealth).
   460 | D:1      | Reached XP level 3. HP: 23/23 MP: 3/3
   496 | D:1      | 496 ||| Stepping ~*~*~tactically~*~*~ (hiding).
   635 | D:1      | 635 ||| READING scroll labelled VIGECI TUNET.
  1065 | D:1      | 1065 ||| Stepping ~*~*~tactically~*~*~ (stealth).
  1256 | D:1      | 1256 ||| READING scroll labelled METE ROTIPT.
  1289 | D:2      | Found Dulive's Armour Shop.
  1325 | D:2      | 1325 ||| BUYING +0 chain mail (45 gold).
  1325 | D:2      | Bought a +0 chain mail for 45 gold pieces
  1325 | D:2      | 1325 ||| SHOPLISTING +1 cloak of Starlight {*Dazzle EV+4
                  | Stlth--} (305 gold, have 7).
  1351 | D:2      | 1351 ||| Stepping ~*~*~tactically~*~*~ (stealth).
  1387 | D:2      | 1387 ||| Stepping ~*~*~tactically~*~*~ (hiding).
  1388 | D:2      | 1388 ||| Stepping ~*~*~tactically~*~*~ (hiding).
  1389 | D:2      | 1389 ||| Stepping ~*~*~tactically~*~*~ (hiding).
  1447 | D:2      | Reached XP level 4. HP: 26/28 MP: 4/4
  1484 | D:2      | 1484 ||| SWAPPING to +1 hand axe of flaming.
  1485 | D:2      | 1485 ||| DROPPING +0 whip.
  1500 | D:2      | Reached skill level 4 in Axes
  1503 | D:2      | 1503 ||| Stepping ~*~*~tactically~*~*~ (stealth).
  1873 | D:2      | 1873 ||| UPGRADING to +0 chain mail.
  1883 | D:2      | 1883 ||| DROPPING +0 scale mail.
  1884 | D:2      | 1884 ||| UPGRADING to +0 cloak.
  1889 | D:2      | 1889 ||| READING scroll labelled EPHECH GEVVIAN.
  1890 | D:2      | 1890 ||| READING 4 scrolls labelled JUQUFO YTHRESE.
  1891 | D:2      | 1891 ||| READING 3 scrolls of identify.
  1891 | D:2      | 1891 ||| IDENTIFYING dark potion
  1892 | D:2      | 1892 ||| READING 2 scrolls of identify.
  1892 | D:2      | 1892 ||| IDENTIFYING white potion
  2031 | D:3      | Found a glowing golden altar of the Shining One.
  2037 | D:3      | 2037 ||| Stepping ~*~*~tactically~*~*~ (hiding).
  2332 | D:3      | 2332 ||| Stepping ~*~*~tactically~*~*~ (stealth).
  2334 | D:3      | 2334 ||| Stepping ~*~*~tactically~*~*~ (stealth).
  2336 | D:3      | Noticed Ijyb
  2359 | D:3      | HP: 7/28 [Ijyb/+0 club (4)]
  2360 | D:3      | 2360 ||| DRINKING potion of heal wounds.
  2361 | D:3      | Killed Ijyb
  2362 | D:3      | Reached XP level 5. HP: 26/32 MP: 5/5
  2387 | D:3      | 2387 ||| Stepping ~*~*~tactically~*~*~ (hiding).
  2749 | D:3      | Found a runed translucent door.
  2750 | D:3      | Noticed Crazy Yiuf
  3001 | D:3      | 3001 ||| READING scroll labelled LOUCACSE FAOL.
  3002 | D:3      | 3002 ||| READING scroll labelled HOUWUK JEDUH.
  3090 | D:3      | 3090 ||| READING 3 scrolls of identify.
  3090 | D:3      | 3090 ||| IDENTIFYING lumpy pink potion
  3091 | D:3      | 3091 ||| READING 2 scrolls of identify.
  3091 | D:3      | 3091 ||| IDENTIFYING fuming golden potion
  3092 | D:3      | 3092 ||| DROPPING potion of brilliance.
  3093 | D:3      | 3093 ||| DROPPING potion of degeneration.
  3311 | D:4      | 3311 ||| Stepping ~*~*~tactically~*~*~ (stealth).
  3313 | D:4      | 3313 ||| Stepping ~*~*~tactically~*~*~ (hiding).
  3314 | D:4      | 3314 ||| Stepping ~*~*~tactically~*~*~ (hiding).
  3320 | D:4      | Reached skill level 5 in Axes
  3324 | D:4      | HP: 8/32 [wight/+4 trident (1)]
  3327 | D:4      | Slain by a wight

Levels and vault maps discovered:
D:1:      giann_forest_graveyard, layout_rooms, serial_co_window_serial,
          co_window_of_opportunity_a, co_window_paths_b,
          co_window_of_opportunity_a, co_window_paths_a, co_window_paths_a,
          co_window_cross_4, co_window_broadway_b, co_window_corner_b,
          co_window_cross_2, co_window_broadway_c, co_window_paths_c,
          co_window_paths_d, co_window_paths_e
D:2:      layout_rooms, serial_shops, shop, nicolae_the_louvre
D:3:      layout_loops_ring, tso_metal_star, chequers_decorated_corner,
          uniq_ijyb, uniq_crazy_yiuf_cottage
D:4:      layout_gridville, mainiacjoe_overflow_tiny_flanked

Skill      XL: |  1  2  3  4  5 |
---------------+----------------+-----
Axes           | 2 3 4 5 |  5.3
Fighting       | |  3.2
Armour         | |  3.2
Shields        | |  3.2

Action                     |  1- 3 |  4- 6 || total
---------------------------+-------+-------++-------
  Melee: War axe           |   123 |     7 ||   130
         Hand axe          |       |    82 ||    82
  Throw: Boomerang         |       |    27 ||    27
    Use: Scroll            |     3 |     8 ||    11
         Potion            |       |     1 ||     1
 Armour: Scale mail        |    67 |     7 ||    74
         Chain mail        |       |    33 ||    33
  Dodge: Dodged            |    53 |    16 ||    69
  Block: Buckler           |    19 |     9 ||    28

Table legend:
 A = Non-vault XP
 B = Vault XP
 C = Vault XP percentage of total XP
 D = Non-vault monster count
 E = Vault monster count
 F = Vault count percentage of total count
                 A         B        C        D         E       F
            +---------+---------+-------+---------+---------+-------
      Total |     262 |      36 |  12.1 |      74 |       1 |   1.3
            +---------+---------+-------+---------+---------+-------
        D:1 |      64 |       0 |   0.0 |      33 |       0 |   0.0
        D:2 |      61 |       0 |   0.0 |      19 |       0 |   0.0
        D:3 |      59 |      36 |  37.9 |      18 |       1 |   5.3
        D:4 |      78 |       0 |   0.0 |       4 |       0 |   0.0
            +---------+---------+-------+---------+---------+-------
